 Dungeon Crawl Stone Soup version 0.18.1-50-g88ac8fd (webtiles) character file.

41094 Mesmaeker13 the Destroyer (level 13, -7/98 HPs)
             Began as a Demonspawn Conjurer on Oct 23, 2016.
             Was the Champion of Sif Muna.
             Killed from afar by a lindwurm (40 damage)
             ... with a blast of flame
             ... summoned by Kirke
             ... on level 7 of the Lair of Beasts.
             The game lasted 01:31:00 (22906 turns).

Mesmaeker13 the Destroyer (Demonspawn Conjurer)    Turns: 22906, Time: 01:31:01

Health: -7/98      AC:  0    Str: 10    XL:     13   Next: 78%
Magic:  0/26       EV: 26    Int: 20    God:    Sif Muna [******]
Gold:   907        SH:  0    Dex: 19    Spells: 9 memorised, 1 level left

rFire  . . .     SeeInvis .     (weapon currently unavailable)
rCold  . . .     Gourm    .     (armour currently unavailable)
rNeg   . . .     Faith    .     (shield currently unavailable)
rPois  .         Spirit   +     (helmet currently unavailable)
rElec  .         Dismiss  +     (cloak currently unavailable)
rCorr  .         Reflect  .     (gloves currently unavailable)
SustAt .         Harm     .     (boots currently unavailable)
MR     .....                    V - amulet of dismissal
Stlth  +++.......               (ring currently unavailable)
                                (ring currently unavailable)

@: agile, exhausted, pig-form, slowed, not resistant to hostile enchantments,
fairly stealthy
A: (claws 0), (yellow scales 0), powered by death 1, magic shield, magic
regeneration
a: Channel Energy, Forget Spell, Renounce Religion


You were on level 7 of the Lair of Beasts.
You worshipped Sif Muna.
Sif Muna was exalted by your worship.
You were very hungry.
You were a filthy swine.
You visited 3 branches of the dungeon, and saw 19 of its levels.
You also visited: Volcano.

You collected 985 gold pieces.
You spent 78 gold pieces at shops.

Inventory:

Hand Weapons
 y - the +5 long sword of the Imperium (melded) {freeze, rN+ Str+4}
   (You found it on level 3 of the Lair of Beasts)

   It has been specially enchanted to freeze those struck by it, causing extra
   injury to most foes and up to half again as much damage against particularly
   susceptible opponents.
   It can also slow down cold-blooded creatures.
   It affects your strength (+4).
   It protects you from negative energy.
 B - a +3 scimitar of flaming
Missiles
 h - 10 curare-tipped needles
 u - 49 poisoned needles
Armour
 a - a +0 pair of gloves (melded)
 l - a +2 robe of magic resistance (melded)
 D - a +2 shield of fire resistance
 E - a +1 cloak of fire resistance (melded)
 H - a +0 buckler of fire resistance (melded)
 L - a +1 helmet of see invisible (melded)
Magical Staves
 M - an uncursed staff of energy
Rods
 g - a +0 rod of clouds (11/11)
   (You found it on level 3 of the Lair of Beasts)
Jewellery
 k - a +5 ring of evasion (melded)
 w - a ring of stealth (melded)
 A - an uncursed ring of protection from fire
 I - an uncursed ring of fire
 T - a +2 ring of evasion
 V - an amulet of dismissal (around neck)
Wands
 j - a wand of digging (11/24)
 p - a wand of teleportation (1/9)
 J - a wand of paralysis (15/24)
 P - a wand of hasting (1/9)
 S - a wand of iceblast (2/15)
Scrolls
 e - 6 scrolls of blinking
 o - a scroll of torment
 r - 7 scrolls of remove curse
 t - 2 scrolls of fear {unknown}
 x - 2 scrolls of enchant weapon
 G - a scroll of teleportation
 O - a scroll of amnesia
 Z - a scroll of enchant armour
Potions
 d - a potion of agility
 i - 3 potions of heal wounds
 m - 3 potions of brilliance
 n - 2 potions of curing
 q - 4 potions of flight
 C - 4 potions of resistance
 F - 2 potions of haste
 N - a potion of mutation {unknown}
 R - 2 potions of invisibility {unknown}
Books
 b - a book of the Dragon

   Spells                             Type                      Level
   a - Flame Tongue                   Conjuration/Fire             1
   b - Cause Fear                     Hexes                        4
   c - Bolt of Fire                   Conjuration/Fire             6
   d - Dragon Form                    Transmutation                7
   e - Dragon's Call                  Summoning                    9
 Q - Adynor's Almanac of Attacks and Stolen Souls
   (Sif Muna gifted it to you on level 6 of the Lair of Beasts)

   Spells                             Type                      Level
   a - Sting                          Conjuration/Poison           1
   b - Searing Ray                    Conjuration                  2
   c - Stone Arrow                    Conjuration/Earth            3
   d - Vampiric Draining              Necromancy                   3
   e - Sticky Flame                   Conjuration/Fire             4
   f - Lightning Bolt                 Conjuration/Air              5
   g - Orb of Destruction             Conjuration                  7
 X - a book of Air

   Spells                             Type                      Level
   a - Shock                          Conjuration/Air              1
   b - Swiftness                      Charms/Air                   2
   c - Repel Missiles                 Charms/Air                   2
   d - Static Discharge               Conjuration/Air              3
   e - Lightning Bolt                 Conjuration/Air              5
Comestibles
 c - 12 bread rations
 s - 11 fruits
 v - a beef jerky


   Skills:
 - Level 8.0 Fighting
 - Level 8.0 Dodging
 - Level 1.7 Stealth
 + Level 3.8 Shields
 + Level 9.7 Spellcasting
 + Level 13.6 Conjurations
 - Level 6.2 Hexes
 - Level 8.5 Charms
 - Level 7.0 Invocations


You had one spell level left.
You knew the following spells:

 Your Spells              Type           Power        Failure   Level  Hunger
a - Magic Dart            Conj           ####         1%          1    None
b - Searing Ray           Conj           ######       1%          2    None
c - Dazzling Spray        Conj/Hex       #####.       1%          3    None
d - Iskenderun's Mystic   Conj           ######..     1%          4    ##.....
e - Iskenderun's Battles  Conj/Chrm      ######..     1%          5    #####..
f - Fulminant Prism       Conj/Hex       #####.....   1%          4    ##.....
g - Shroud of Golubria    Chrm/Tloc      ####......   1%          2    None
h - Swiftness             Chrm/Air       ####....     1%          2    None
i - Orb of Destruction    Conj           ######....   24%         7    #######


Dungeon Overview and Level Annotations

Branches:
Dungeon (11/15)            Temple (1/1) D:6            Lair (6/8) D:10
 Shoals (0/4) Lair:3        Snake (0/4) Lair:5          Orc (0/2) D:11
  Slime: Lair:6-8

Altars:
Ashenzari
Cheibriados
Dithmenos
Elyvilon
Fedhas
Gozag
Kikubaaqudgha
Makhleb
Nemelex Xobeh
Okawaru
Pakellas
Qazlal
Ru
Sif Muna
Trog
Vehumet
Xom
Yredelemnul
Zin
The Shining One

Shops:
D:5 ?

Annotations:
Lair:7 Kirke


Innate Abilities, Weirdness & Mutations

((You have very sharp fingernails.))
((You are partially covered in yellow scales (AC +2).))
You regenerate a little health from kills.
When hurt, damage is shared between your health and your magic reserves.
You regenerate magic rapidly.


Message History

You are too berserk!
You feel a strong urge to attack something.
The lindwurm bites you! The lindwurm completely misses you.
The lindwurm claws you.
You feel yourself speed up. The lindwurm breathes flames at you.
The blast of flame hits you!
* * * LOW HITPOINT WARNING * * *
You feel your anger subside.
You are no longer berserk.
You are exhausted.
You feel yourself slow down.
You are feeling very hungry.
The lindwurm completely misses you. The lindwurm claws you!
* * * LOW HITPOINT WARNING * * *
The lindwurm closely misses you.
Drink which item? (? for menu, Esc to quit)
You feel much better. The lindwurm breathes flames at you.
The blast of flame hits you!
You die...

### . # #h###
...
###..##kH#.....
.......h.......
..##...###.....
##P# .... ##
..# .. .


You could see a sphinx, a lindwurm and a hog.

Vanquished Creatures
  5 hydras
  4 death yaks
  2 hill giants
  A flayed ghost (D:10)
  3 griffons
  The ghost of Monkfish the Covert, a novice KoBe of Trog (D:5)
  2 black mambas
  8 elephants
  A siren (Lair:3)
  Joseph (D:7)
  A gargoyle (Volcano)
  9 spiny frogs
  A kobold demonologist (D:10)
  4 komodo dragons
  An efreet (Volcano)
  4 rime drakes
  A spriggan druid (Lair:3)
  3 polar bears
  2 trolls (D:10)
  2 two-headed ogres (D:10)
  3 blink frogs (Lair:5)
  A spriggan (D:9)
  2 shadows
  32 yaks
  4 wraiths (D:10)
  3 wyverns
  3 basilisks
  7 fire bats (D:10)
  2 humans (D:9)
  A fire elemental (Volcano)
  7 hippogriffs
  A hog (Lair:7)
  3 hungry ghosts
  2 nagas (Lair:5)
  Edmund (D:4)
  8 porcupines
  7 water moccasins
  3 orc warriors
  2 ice beasts
  2 sky beasts
  5 black bears
  A necrophage (D:10)
  2 eyes of draining
  2 phantoms
  2 centaurs
  3 wolves
  7 ogres
  8 crocodiles
  3 big kobolds
  17 giant frogs
  4 scorpions
  A water moccasin skeleton (D:5)
  14 killer bees
  7 wights (D:9)
  2 vampire bats (Lair:2)
  5 howler monkeys (D:7)
  5 crimson imps
  A giant frog zombie (D:11)
  3 jellies
  4 hounds
  11 orc priests
  6 centaur skeletons
  A giant frog skeleton (D:9)
  12 iguanas
  6 worker ants
  10 orc wizards
  17 sheep
  A hound zombie (D:7)
  Robin (D:2)
  12 gnolls
  2 worker ant zombies (D:10)
  A howler monkey skeleton (D:8)
  11 adders
  6 river rats (Lair:4)
  2 shadow imps
  An ooze (D:1)
  2 adder skeletons
  3 worms (D:2)
  A dart slug (D:2)
  6 giant geckos
  58 orcs
  76 bats
  10 giant cockroaches
  14 goblins
  7 hobgoblins
  13 jackals
  7 quokkas
  3 ball pythons
  A giant gecko skeleton (D:5)
  3 giant newts
  2 jackal skeletons
  21 kobolds
  11 rats
  A fire vortex (Volcano)
585 creatures vanquished.

Vanquished Creatures (collateral kills)
  3 elephants (Lair:5)
  4 blink frogs (Lair:5)
7 creatures vanquished.

Vanquished Creatures (others)
  26 fulminant prisms
  10 fungi
  16 plants
52 creatures vanquished.

Grand Total: 644 creatures vanquished

Notes
Turn   | Place    | Note
--------------------------------------------------------------
     0 | D:1      | Mesmaeker13 the Demonspawn Conjurer began the quest for the Orb.
     0 | D:1      | Reached XP level 1. HP: 13/13 MP: 3/3
   493 | D:1      | Gained mutation: You regenerate a little health from kills. [demonic ancestry]
   493 | D:1      | Reached XP level 2. HP: 18/19 MP: 3/5
  1203 | D:2      | Found a stormy altar of Qazlal.
  1528 | D:2      | Gained mutation: You have sharp fingernails. [demonic ancestry]
  1528 | D:2      | Reached XP level 3. HP: 24/24 MP: 7/7
  1654 | D:2      | Found a shattered altar of Ashenzari.
  1707 | D:2      | Found an oddly glowing altar of Pakellas.
  1708 | D:2      | Noticed a giant frog
  1722 | D:2      | Killed a giant frog
  1722 | D:2      | Reached skill level 5 in Conjurations
  1722 | D:2      | Gained mutation: When hurt, damage is shared between your health and your magic reserves. [demonic ancestry]
  1722 | D:2      | Reached XP level 4. HP: 15/30 MP: 7/9
  2018 | D:2      | Noticed Robin
  2044 | D:2      | Killed Robin
  2044 | D:2      | Gained mutation: You regenerate magic rapidly. [demonic ancestry]
  2044 | D:2      | Reached XP level 5. HP: 35/35 MP: 5/10
  2264 | D:2      | Found a sacrificial altar of Ru.
  2593 | D:3      | Learned a level 2 spell: Searing Ray
  2824 | D:3      | Reached XP level 6. HP: 41/41 MP: 2/12
  3292 | D:4      | Learned a level 3 spell: Dazzling Spray
  3343 | D:3      | Reached skill level 6 in Conjurations
  3626 | D:4      | Noticed Edmund
  3770 | D:4      | Reached skill level 5 in Spellcasting
  3774 | D:4      | Killed Edmund
  3774 | D:4      | Gained mutation: You have very sharp fingernails. [demonic ancestry]
  3774 | D:4      | Reached XP level 7. HP: 46/46 MP: 6/15
  3949 | D:4      | Reached skill level 1 in Fighting
  4008 | D:4      | Reached skill level 1 in Hexes
  4415 | D:5      | Entered Level 5 of the Dungeon
  4417 | D:5      | Noticed Monkfish's ghost (novice KoBe)
  4421 | D:5      | Learned a level 4 spell: Iskenderun's Mystic Blast
  4453 | D:5      | Found Usiown's Magic Scroll Shoppe.
  4456 | D:5      | Bought a scroll of identify for 26 gold pieces
  4456 | D:5      | Bought a scroll of identify for 26 gold pieces
  4456 | D:5      | Bought a scroll of identify for 26 gold pieces
  4556 | D:5      | Reached skill level 7 in Conjurations
  4684 | D:5      | Noticed a hungry ghost
  4732 | D:5      | Killed a hungry ghost
  4732 | D:5      | Reached XP level 8. HP: 56/57 MP: 6/16
  4919 | D:6      | Found a shimmering altar of Xom.
  5082 | D:6      | Found an ancient bone altar of Kikubaaqudgha.
  5299 | D:6      | Got a bone rapier
  5300 | D:6      | Identified the cursed +1 rapier "Gixac" {elec, rC+ MR+ Str+2 Stlth-} (You found it on level 6 of the Dungeon)
  5309 | D:6      | Found a snail-covered altar of Cheibriados.
  5373 | D:6      | Found a staircase to the Ecumenical Temple.
  5395 | Temple   | Entered the Ecumenical Temple
  5767 | D:6      | Found an iron altar of Okawaru.
  6339 | D:7      | Reached skill level 8 in Conjurations
  6355 | D:7      | Noticed Joseph
  6372 | D:7      | Killed Joseph
  6642 | D:7      | Reached skill level 5 in Hexes
  6642 | D:7      | Reached XP level 9. HP: 67/67 MP: 9/17
  6799 | D:7      | Reached skill level 5 in Fighting
  6987 | D:7      | Found a deep blue altar of Sif Muna.
  6997 | D:7      | Became a worshipper of Sif Muna the Loreminder
  7044 | D:7      | Found a radiant altar of Vehumet.
  7356 | D:5      | Reached skill level 9 in Conjurations
  7698 | D:5      | Killed Monkfish's ghost
  7698 | D:5      | Reached * piety under Sif Muna
  7705 | D:5      | Learned a level 5 spell: Iskenderun's Battlesphere
  7753 | D:7      | Found a blossoming altar of Fedhas.
  7970 | D:8      | Reached skill level 1 in Charms
  8176 | D:8      | Found a white marble altar of Elyvilon.
  8249 | D:8      | Reached XP level 10. HP: 43/77 MP: 4/18
  8749 | D:8      | Reached ** piety under Sif Muna
  8932 | D:9      | Learned a level 4 spell: Fulminant Prism
  8946 | D:9      | Reached skill level 10 in Conjurations
  9032 | D:9      | Found an iron altar of Okawaru.
  9101 | D:9      | Found a stormy altar of Qazlal.
  9145 | D:9      | Found a burning altar of Makhleb.
  9848 | D:9      | Found a bloodstained altar of Trog.
 10063 | D:10     | Entered Level 10 of the Dungeon
 10077 | D:10     | Reached *** piety under Sif Muna
 10328 | D:10     | Reached skill level 5 in Charms
 10384 | D:10     | Found a staircase to the Lair.
 10462 | D:10     | Reached skill level 11 in Conjurations
 10620 | D:10     | Noticed a rust devil
 10793 | D:10     | Gained mutation: You are partially covered in yellow scales (AC +2). [demonic ancestry]
 10793 | D:10     | Reached XP level 11. HP: 86/86 MP: 4/19
 11031 | D:10     | Found a shimmering altar of Xom.
 11235 | D:11     | Noticed a hill giant
 11244 | D:11     | Killed a hill giant
 11421 | D:11     | Found a staircase to the Orcish Mines.
 11469 | D:11     | Reached **** piety under Sif Muna
 11732 | D:11     | Noticed a cyan ugly thing
 12156 | D:10     | Reached ***** piety under Sif Muna
 12256 | D:10     | Found a runed door.
 12273 | D:10     | Found an oddly glowing altar of Pakellas.
 12273 | D:10     | Found a stormy altar of Qazlal.
 12286 | D:10     | Found a glowing golden altar of the Shining One.
 12301 | D:10     | Found a blossoming altar of Fedhas.
 12317 | D:10     | Found an opulent altar of Gozag.
 12795 | D:10     | Noticed a flayed ghost
 12805 | D:10     | Killed a flayed ghost
 13073 | D:11     | Reached skill level 5 in Dodging
 13372 | Lair:1   | Entered Level 1 of the Lair of Beasts
 13429 | Lair:1   | Reached skill level 12 in Conjurations
 13459 | Lair:1   | Reached skill level 1 in Invocations
 13682 | Lair:1   | Reached XP level 12. HP: 92/92 MP: 10/22
 13742 | Lair:1   | Noticed a seven-headed hydra
 14082 | Lair:1   | Noticed a seven-headed hydra
 14090 | Lair:1   | Noticed a six-headed hydra
 14898 | Lair:1   | Killed a seven-headed hydra
 15024 | Lair:1   | Killed a six-headed hydra
 15393 | Lair:1   | Killed a seven-headed hydra
 15393 | Lair:1   | Reached ****** piety under Sif Muna
 15397 | Lair:1   | Learned a level 2 spell: Shroud of Golubria
 15740 | Lair:2   | Received a gift from Sif Muna
 16911 | Lair:3   | Found a staircase to the Shoals.
 17320 | Lair:3   | Got a crude long sword
 17321 | Lair:3   | Identified the +5 long sword of the Imperium {freeze, rN+ Str+4} (You found it on level 3 of the Lair of Beasts)
 17674 | Lair:3   | Identified a +0 rod of clouds (11/11) (You found it on level 3 of the Lair of Beasts)
 18075 | Lair:4   | Found a dark tunnel.
 18088 | Volcano  | Entered a volcano
 18444 | Lair:4   | Reached skill level 5 in Invocations
 18986 | Lair:4   | Reached XP level 13. HP: 97/98 MP: 17/25
 19637 | Lair:5   | Found a staircase to the Snake Pit.
 19766 | Lair:5   | Reached skill level 13 in Conjurations
 20513 | Lair:6   | Reached skill level 1 in Shields
 21150 | Lair:6   | Learned a level 2 spell: Swiftness
 21398 | Lair:6   | Received a gift from Sif Muna
 21401 | Lair:6   | Identified Adynor's Almanac of Attacks and Stolen Souls (Sif Muna gifted it to you on level 6 of the Lair of Beasts)
 21554 | Lair:6   | Learned a level 7 spell: Orb of Destruction
 22799 | Lair:6   | You fall through a shaft!
 22867 | Lair:7   | Noticed Kirke
 22882 | Lair:7   | Noticed a sphinx
 22906 | Lair:7   | Killed from afar by a lindwurm

Skill      XL: |  1  2  3  4  5  6  7  8  9 10 11 12 13 |
---------------+----------------------------------------+-----
Spellcasting   | 3 4 5 6 8 9 |  9.7
Conjurations   | 5 6 7 8 9 11 12 13 | 13.6
Fighting       | 2 4 6 8 |  8.0
Hexes          | 3 5 6 |  6.2
Charms         | 2 5 7 8 |  8.5
Dodging        | 2 5 7 8 |  8.0
Invocations    | 1 5 7 |  7.0
Shields        | 3 |  3.8
Stealth        | |  1.7

Action                   |  1- 3 |  4- 6 |  7- 9 | 10-12 | 13-15 || total
-------------------------+-------+-------+-------+-------+-------++-------
Melee: Club              |     9 |       |       |       |       ||     9
       Unarmed           |     1 |       |       |       |    19 ||    20
       Dagger            |    51 |   144 |    76 |     5 |       ||   276
       Rapier            |       |       |   110 |   189 |       ||   299
       Staff             |       |       |       |    84 |       ||    84
       Long sword        |       |       |       |    41 |   117 ||   158
 Fire: Blowgun           |       |     6 |     6 |       |       ||    12
 Cast: Magic Dart        |    36 |    40 |    17 |   292 |   133 ||   518
       Searing Ray       |       |     7 |    40 |    71 |     5 ||   123
       Dazzling Spray    |       |     6 |    15 |    53 |    42 ||   116
       Iskenderun's Myst |       |       |     3 |    11 |     2 ||    16
       Iskenderun's Batt |       |       |       |    67 |    31 ||    98
       Fulminant Prism   |       |       |       |    19 |     7 ||    26
Invok: Channel Energy    |       |       |       |     2 |     8 ||    10
Evoke: Wand              |       |     2 |     3 |    10 |     1 ||    16
  Use: Potion            |     2 |       |       |     1 |     8 ||    11
       Scroll            |       |     3 |     7 |    14 |     5 ||    29
 Stab: Sleeping          |       |     2 |     4 |     5 |     1 ||    12
       Invisible         |       |     1 |     1 |     6 |       ||     8
  Eat: Chunk             |     3 |     7 |    16 |    38 |    14 ||    78
       Meat ration       |       |       |       |     2 |       ||     2
       Fruit             |       |       |       |     1 |       ||     1
       Bread ration      |       |       |       |       |     1 ||     1
       Pizza             |       |       |       |       |     1 ||     1
       Beef jerky        |       |       |       |       |     1 ||     1
Armor: Robe              |    12 |    37 |    35 |   125 |    23 ||   232
Dodge: Dodged            |    57 |   158 |   213 |   706 |   226 ||  1360
Block: Buckler           |       |       |       |       |    28 ||    28
